 Dungeon Crawl Stone Soup version 0.27-a0-1065-ge809cff456 (webtiles) character file.

Game seed: 7855147752153927792

17396 tardwrangler69 the Nimble (level 11, -8/89 HPs)
             Began as a Demigod Earth Elementalist on Apr 23, 2021.
             Engulfed by a blizzard demon's freezing vapour (23 damage)
             ... in a Gauntlet.
             The game lasted 00:20:09 (16398 turns).

tardwrangler69 the Nimble (DgEE)                   Turns: 16398, Time: 00:20:09

Health: -8/89      AC:  9    Str:  9    XL:     11   Next: 91%
Magic:  9/25       EV: 17    Int: 35    God:
Gold:   2352       SH: 10    Dex: 14    Spells: 15/24 levels left

rFire    + + .     SeeInvis .   p - staff of earth
rCold    . . .     Faith    .   a - +0 buckler {AC+3}
rNeg     . . .     Spirit   .   m - +3 leather armour {Will+}
rPois    +         Reflect  +   (no helmet)
rElec    +         Harm     .   (no cloak)
rCorr    +         Rampage  .   (no gloves)
Will     +++..     NoTele   +   (no boots)
Stlth    ++........             L - amulet of the Komtur {Reflect rElec Will+ SH+5}
HPRegen  0.24/turn              g - ring of fire
MPRegen  0.19/turn              v - +6 ring of intelligence

@: resistant
A: high mp 1, forlorn
a: no special abilities


You were in a Gauntlet.
You visited 1 branch of the dungeon, and saw 12 of its levels.
You also visited: Ossuary and Gauntlet.

You collected 2352 gold pieces.

Inventory:

Hand Weapons
 t - a +3 rapier
Missiles
 B - 129 stones
 H - a curare-tipped dart
 N - a throwing net
Armour
 a - a +0 buckler of protection (worn)
 m - a +3 leather armour of willpower (worn)
Magical Staves
 p - a staff of earth (weapon)
Jewellery
 g - a ring of fire (left hand)
 v - a +6 ring of intelligence (right hand)
 L - the amulet of the Komtur (around neck) {Reflect rElec Will+ SH+5}
   (You acquired it on level 9 of the Dungeon)

   [amulet of reflection]

   It reflects blocked missile attacks.
   It insulates you from electricity.
   It affects your SH (+5).
   It increases your willpower.
Wands
 b - a wand of polymorph (13)
 r - a wand of digging (7)
 u - a wand of acid (16)
 C - a wand of flame (42)
 I - a wand of iceblast (5)
 O - a wand of mindburst (10)
Scrolls
 c - a scroll of torment {unknown}
 d - 2 scrolls of fog {unknown}
 e - 3 scrolls of enchant weapon
 f - 2 scrolls of magic mapping
 i - 4 scrolls of vulnerability
 j - a scroll of holy word {unknown}
 k - 5 scrolls of blinking
 n - 4 scrolls of fear
 w - 2 scrolls of amnesia {unknown}
 y - 2 scrolls of identify
 D - a scroll of teleportation
 F - a scroll of brand weapon {unknown}
 J - a scroll of enchant armour {unknown}
 M - a scroll of immolation {unknown}
Potions
 h - 2 potions of resistance
 l - 2 potions of flight {unknown}
 o - 9 potions of curing
 q - 2 potions of lignification
 s - 4 potions of might
 x - 4 potions of haste
 z - 3 potions of attraction
 A - a potion of cancellation
 G - a potion of magic {unknown}
 K - a potion of brilliance {unknown}


   Skills:
 + Level 5.8 Fighting
 - Level 12.1 Dodging
 - Level 1.7 Stealth
 - Level 4.0 Shields
 - Level 7.0 Spellcasting
 - Level 4.0 Conjurations
 - Level 0.8 Transmutations
 - Level 9.0 Earth Magic


You had 15 spell levels left.
You knew the following spells:

 Your Spells              Type           Power      Damage    Failure   Level
a - Sandblast             Erth           100%       2d20      1%          1
b - Stone Arrow           Conj/Erth      100%       3d13      1%          3
c - Lee's Rapid Deconstr  Erth           42%        3d22*     3%          5

Your spell library contained the following spells:

 Spells                   Type           Power      Damage    Failure   Level
 Shock                    Conj/Air       100%       1d9       1%          1
 Passwall                 Tmut/Erth      52%        N/A       1%          2
 Static Discharge         Conj/Air       26%        N/A       3%          2
 Animate Skeleton         Necr           24%        N/A       4%          1
 Pain                     Necr           48%        1d6       4%          1
 Petrify                  Tmut/Erth      63%        N/A       6%          4
 Swiftness                Air            12%        N/A       14%         3
 Vampiric Draining        Necr           6%         2d6       14%         3
 Airstrike                Air            6%         N/A       43%         4
 Animate Dead             Necr           6%         N/A       43%         4
 Lightning Bolt           Conj/Air       13%        1d26      50%         5
 Agony                    Necr           12%        N/A       78%         5


Dungeon Overview and Level Annotations

Branches:
Dungeon (12/15)            Temple (0/1) D:6            Lair (0/6) D:8
    Orc (0/2) D:10        Ossuary (visited)         Gauntlet (1/1)

Shops:
D:2 *

Annotations:
Gauntlet 11 transporters


Innate Abilities, Weirdness & Mutations

Your attributes grow dramatically as you level up.
You have an increased reservoir of magic. (+10% MP)
You shall have no god before yourself.


Message History

The bolt of lightning hits the blizzard demon.
The blizzard demon completely resists.
Okay, then.
Unknown command.
Casting: Stone Arrow (safe; 1% risk of failure)
Confirm with . or Enter, or press ? or * to list all spells.
Aiming: Stone Arrow (safe; 1% risk of failure)
Press: ? - help, Shift-Dir - straight line, f/p - blizzard demon
Aim: a blizzard demon (lightly wounded, 78% to hit)
You feel a surge of power!
The stone arrow hits the blizzard demon!
The blizzard demon is moderately wounded.
The blizzard demon gestures at you. The bolt of cold hits you!!!
You feel a terrible chill!
* * * LOW HITPOINT WARNING * * *
You feel much better. The blizzard demon gestures at you.
The freezing blast misses you.
Okay, then.
Unknown command.
Aiming: Dig
Press: ? - help, Shift-Dir - straight line, p - blizzard demon Digging in that direction won't affect any walls.
A translucent stone wall.
Okay, then.
Unknown command.
You feel protected.
You are engulfed in freezing vapours.
* * * LOW HITPOINT WARNING * * *
The blizzard demon is engulfed in freezing vapours.
You block the blizzard demon's attack.
The blizzard demon hits you but does no damage.
You feel much better.
You are engulfed in freezing vapours.
* * * LOW HITPOINT WARNING * * *
The blizzard demon is engulfed in freezing vapours.
The blizzard demon hits you!
* * * LOW HITPOINT WARNING * * *
The blizzard demon misses you.
You feel better.
You are engulfed in freezing vapours.
You die...

..§.....§.§§.#≈#§#§#≈#≈#≈#§##
...§..8..∩.......§...§§...§≈#
......©......8.....8..§§.8§##
.###########.......©.......≈#
.#.........#...#########...##
.#.#...###.#...#○##....#...§#
.#...###...#...#.°##..##...##
.#.###...#.#...#°2°#.###...§#
.#.#..©###J#.8.#@##.##.#.8§##
.#...###...#...###.#...#...§#
.#.#.#...#.#...##..##..#...##
.#.#...#.#.#...#?[:©##.#...≈#
.#J.$}©[...#...#########...##
.###########.....#.©.#.....≈#
....#.©.#....8...#.8.#...8.##
....#...#........#.©.#......##
....#.©.#.....###########...§#


You could see a blizzard demon and a quicksilver ooze.

Vanquished Creatures
  A hydra (D:12)
  Erolcha (D:11)
  A boulder beetle (D:11)
  2 death yaks (D:8)
  6 two-headed ogres
  A cyclops (D:11)
  A gargoyle (D:10)
  A komodo dragon (D:12)
  An ice devil (Gauntlet)
  A troll (D:10)
  A vampire (D:12)
  Eustachio (D:5)
  A wraith (D:12)
  23 yaks
  Menkaure (D:6)
  A steam dragon (D:7)
  3 vampire mosquitoes (D:7)
  2 acid dragons
  3 orc warriors
  2 ogres
  A necrophage (D:6)
  10 centaurs
  A phantom (D:6)
  Blork the orc (D:4)
  A kobold brigand (D:8)
  3 bullfrogs
  6 elf zombies (Ossuary)
  2 scorpions
  6 killer bees (D:7)
  4 wights (D:6)
  An electric eel (D:8)
  4 howler monkeys
  3 centaur zombies
  3 hounds
  3 jellies
  A bullfrog skeleton (D:5)
  3 orc priests
  A gnoll shaman (D:6)
  5 human zombies (Ossuary)
  3 hell rats (D:8)
  6 iguanas
  8 orc wizards
  A killer bee zombie (D:9)
  3 mummies (Ossuary)
  2 howler monkey zombies
  5 adders
  8 gnolls
  A river rat (D:8)
  2 ufetubi (D:6)
  3 worms
  6 dart slugs
  19 orcs
  11 ball pythons
  6 bats
  5 endoplasms
  2 giant cockroaches
  7 goblins
  6 hobgoblins
  3 jackals (D:3)
  2 quokkas
  2 frilled lizards (D:1)
  9 kobolds
  7 rats
240 creatures vanquished.

Vanquished Creatures (others)
  A fungus (Gauntlet)
1 creature vanquished.

Grand Total: 241 creatures vanquished

Notes
Turn   | Place    | Note
-------+----------+-------------------------------------------
     0 | D:1      | tardwrangler69 the Demigod Earth Elementalist began the
                  | quest for the Orb.
     0 | D:1      | Reached XP level 1. HP: 14/14 MP: 5/5
   338 | D:1      | Reached XP level 2. HP: 10/20 MP: 5/7
  1684 | D:2      | Noticed an ogre
  1688 | D:2      | Reached XP level 3. HP: 15/26 MP: 1/9
  2506 | D:2      | Reached XP level 4. HP: 33/33 MP: 10/10
  2610 | D:2      | Found Zikhemya's Assorted Antiques.
  2622 | D:2      | Learned a level 3 spell: Stone Arrow
  2891 | D:2      | You fall into a shaft and drop 2 floors!
  3882 | D:2      | Killed an ogre
  3883 | D:2      | Reached skill level 1 in Conjurations
  3883 | D:2      | Reached XP level 5. HP: 5/38 MP: 5/12
  4244 | D:3      | You fall into a shaft and drop 1 floor!
  4245 | D:4      | Noticed Blork the orc
  4249 | D:4      | Killed Blork the orc
  4265 | D:3      | Reached skill level 5 in Earth Magic
  4265 | D:3      | Reached XP level 6. HP: 29/45 MP: 6/13
  6079 | D:5      | Entered Level 5 of the Dungeon
  6091 | D:5      | Noticed Eustachio
  6099 | D:5      | Killed Eustachio
  6100 | D:5      | Reached XP level 7. HP: 50/50 MP: 3/15
  7259 | D:6      | Noticed Menkaure
  7330 | D:6      | Found a sand-covered staircase.
  7338 | Ossuary  | Entered an ossuary
  7417 | Ossuary  | Reached XP level 8. HP: 34/57 MP: 3/18
  7601 | Ossuary  | Reached skill level 5 in Spellcasting
  8766 | D:6      | Killed Menkaure
  9110 | D:6      | Found a staircase to the Ecumenical Temple.
  9283 | D:6      | Reached XP level 9. HP: 54/62 MP: 12/22
  9653 | D:7      | Identified 4 scrolls of acquirement
  9655 | D:7      | Acquired a +0 buckler of protection
  9668 | D:7      | Learned a level 5 spell: Lee's Rapid Deconstruction
  9754 | D:7      | Reached skill level 1 in Shields
 10404 | D:7      | Reached skill level 2 in Dodging
 10416 | D:7      | Reached skill level 3 in Dodging
 11141 | D:8      | Reached skill level 4 in Dodging
 11328 | D:8      | Noticed a death yak
 11329 | D:8      | Noticed a death yak
 11347 | D:8      | Killed a death yak
 11348 | D:8      | Reached skill level 5 in Dodging
 11348 | D:8      | Reached XP level 10. HP: 48/69 MP: 3/24
 11473 | D:8      | Noticed a death yak
 11482 | D:8      | Killed a death yak
 11483 | D:8      | Reached skill level 6 in Dodging
 11651 | D:8      | Found a staircase to the Lair.
 11971 | D:9      | Noticed a two-headed ogre
 11975 | D:9      | Killed a two-headed ogre
 11976 | D:9      | Reached skill level 7 in Dodging
 12155 | D:9      | Noticed a two-headed ogre
 12157 | D:9      | Killed a two-headed ogre
 12158 | D:9      | Reached skill level 8 in Dodging
 12494 | D:9      | Noticed a two-headed ogre
 12504 | D:9      | Killed a two-headed ogre
 12505 | D:9      | Reached skill level 9 in Dodging
 13338 | D:9      | Acquired the amulet of the Komtur {Reflect rElec Will+
                  | SH+5}
 13345 | D:9      | Acquired 729 gold pieces
 13347 | D:9      | Acquired 936 gold pieces
 13391 | D:10     | Entered Level 10 of the Dungeon
 13391 | D:10     | Noticed a two-headed ogre
 13395 | D:10     | Killed a two-headed ogre
 13541 | D:10     | Reached skill level 10 in Dodging
 13579 | D:10     | Found a staircase to the Orcish Mines.
 13686 | D:10     | Reached XP level 11. HP: 74/74 MP: 12/25
 13987 | D:10     | Noticed a two-headed ogre
 13992 | D:10     | Killed a two-headed ogre
 14194 | D:10     | Reached skill level 11 in Dodging
 15061 | D:11     | Noticed a boulder beetle
 15076 | D:11     | Killed a boulder beetle
 15077 | D:11     | Reached skill level 12 in Dodging
 15257 | D:11     | Noticed Erolcha
 15265 | D:11     | Reached skill level 1 in Fighting
 15654 | D:11     | Killed Erolcha
 15799 | D:12     | Noticed a seven-headed hydra
 15803 | D:12     | Killed a seven-headed hydra
 15877 | D:12     | Noticed a two-headed ogre
 15881 | D:12     | Killed a two-headed ogre
 15882 | D:12     | Reached skill level 5 in Fighting
 16027 | D:12     | Found a gate leading to a gauntlet.
 16043 | Gauntlet | Entered a Gauntlet
 16043 | Gauntlet | Found a transporter.
 16047 | Gauntlet | Noticed a quicksilver ooze
 16097 | Gauntlet | Noticed a blizzard demon
 16150 | Gauntlet | Found a transporter.
 16166 | Gauntlet | Found a transporter.
 16170 | Gauntlet | Found a transporter.
 16175 | Gauntlet | Noticed a reaper
 16186 | Gauntlet | Found a transporter.
 16200 | Gauntlet | Found a transporter.
 16213 | Gauntlet | Found a transporter.
 16235 | Gauntlet | Found a transporter.
 16237 | Gauntlet | Found a transporter.
 16240 | Gauntlet | Noticed a death yak
 16241 | Gauntlet | Noticed a death yak
 16242 | Gauntlet | Noticed a death yak
 16243 | Gauntlet | Noticed a death yak
 16245 | Gauntlet | Found a transporter.
 16246 | Gauntlet | Noticed a death yak
 16246 | Gauntlet | Noticed a necromancer
 16246 | Gauntlet | Noticed a death yak
 16268 | Gauntlet | Found a transporter.
 16272 | Gauntlet | Found a transporter.
 16398 | Gauntlet | Engulfed by a blizzard demon's freezing vapour

Illustrated notes

Levels and vault maps discovered:
D:1:      lemuel_arrival_tunnels, layout_loops_ring, minmay_misc_feat_room
D:2:      layout_loops_ring, serial_shops, shop, minmay_misc_feat_tiny
D:3:      layout_rooms, amcnicky_altar_gilded, minmay_crystal_water,
          minivault_26, chequers_garden
D:4:      layout_loops_cross, uniq_blork_the_orc
D:5:      layout_rooms, kennysheep_mini_moat, hangedman_decor_riveting,
          minivault_4, uniq_eustachio
D:6:      layout_loops_ring, minmay_temple_entry_proselytizer, enter_ossuary_2,
          chequers_serial_rivers_micro_d, kennysheep_generic_room_5,
          uniq_menkaure
D:7:      layout_loops_ring
D:8:      layout_basic, lemuel_tele_altar, grunt_temple_overflow_open,
          dpeg_lair_monsters
D:9:      layout_stronghold
D:10:     layout_basic, kennysheep_slug_shrine, david_orc_2,
          hangedman_decor_opposing
D:11:     layout_basic, xom_teletrap_fun, uniq_erolcha
D:12:     layout_basic, portal_ice_cave_entry_ice_beasts, gauntlet_entry_generic
Gauntlet: minmay_gauntlet_mixed_oops_all_seconds [minmay_gauntlet_arena_77_fan,
          nicolae_gauntlet_arena_grate_2,
          minmay_gauntlet_arena_77_chump_sandwich,
          nicolae_gauntlet_arena_t_cross, minmay_gauntlet_arena_77_two_paths,
          gammafunk_gauntlet_arena_corners, gauntlet_exit_spiral]

Skill      XL: |  1  2  3  4  5  6  7  8  9 10 11 |
---------------+----------------------------------+-----
Spellcasting   | 2 3 4 6 7 |  7.0
Earth Magic    | 3 4 5 6 8 9 |  9.0
Conjurations   | 1 2 3 4 |  4.0
Shields        | 4 |  4.0
Dodging        | 5 10 12 | 12.1
Fighting       | 5 |  5.8
Stealth        | |  1.7
Transmutations | |  0.8

Action                   |  1- 3 |  4- 6 |  7- 9 | 10-12 || total
-------------------------+-------+-------+-------+-------++-------
Melee: Unarmed           |    29 |       |       |       ||    29
       Short sword       |    55 |   106 |       |       ||   161
       Staff             |       |     3 |    26 |    19 ||    48
       Rapier            |       |       |   119 |       ||   119
 Cast: Sandblast         |    35 |    23 |    47 |    50 ||   155
       Stone Arrow       |       |    20 |   110 |    79 ||   209
       Lee's Rapid Decon |       |       |     1 |    20 ||    21
  Use: Scroll            |       |       |    11 |     9 ||    20
       Potion            |       |       |       |     4 ||     4
 Stab: Sleeping          |     6 |     2 |       |       ||     8
Armor: Robe              |    24 |    26 |       |       ||    50
       Leather armour    |       |       |    60 |    14 ||    74
Dodge: Dodged            |    69 |   102 |    98 |    47 ||   316
Block: Buckler           |       |       |    11 |    45 ||    56
       Reflection        |       |       |       |     4 ||     4

Table legend: (Time is in decaauts)
 A = Elapsed time spent in this place.
 B = Non-inter-level travel time spent in this place.
 C = Inter-level travel time spent in this place.
 D = Time resting spent in this place.
 E = Time spent auto-exploring this place.
 F = Levels seen in this place.
 G = Mean time per level.
                   A        B        C        D        E       F      G
               +--------+--------+--------+--------+--------+-----+--------+
         Total |  16462 |  15808 |    654 |    914 |  12998 |  14 | 1175.9 |
       Dungeon |  15161 |  14507 |    654 |    732 |  12185 |  12 | 1263.4 |
       Ossuary |    945 |    945 |      0 |    182 |    531 |   1 |  945.0 |
      Gauntlet |    354 |    354 |      0 |      0 |    282 |   1 |  354.0 |
               +--------+--------+--------+--------+--------+-----+--------+

Top non-repeatable levels by time:
     D:1: 1943 daAuts
     D:2: 1888 daAuts
     D:9: 1462 daAuts
     D:7: 1449 daAuts
    D:10: 1401 daAuts
     D:3: 1271 daAuts
     D:5: 1237 daAuts
     D:6: 1214 daAuts
    D:11: 1086 daAuts
     D:8: 1036 daAuts
     D:4: 995 daAuts
 Ossuary: 945 daAuts
Gauntlet: 354 daAuts
    D:12: 175 daAuts
